 Dungeon Crawl Stone Soup version 0.22-a0-587-g7d32d7c (webtiles) character file.

11613 galech the Fighter (level 11, -7/124 HPs)
             Began as an Ogre Berserker on July 4, 2018.
             Was a High Priest of Trog.
             Mangled by a yak (18 damage)
             ... while paralysed
             ... on level 10 of the Dungeon.
             The game lasted 00:15:08 (10865 turns).

galech the Fighter (Ogre Berserker)                Turns: 10865, Time: 00:15:09

Health: -7/124     AC:  3    Str: 23    XL:     11   Next: 80%
Magic:  0/3        EV:  1    Int:  8    God:    Trog [*****.]
Gold:   397        SH:  0    Dex: 11    Spells: 10/10 levels left

rFire    + . .     SeeInvis .   D - +4 flail (antimagic)
rCold    x . .     Gourm    .   (no shield)
rNeg     . . .     Faith    .   b - +0 animal skin
rPois    .         Spirit   +   (helmet restricted)
rElec    .         Reflect  .   (no cloak)
rCorr    .         Harm     .   (gloves unavailable)
MR       +++..                  (boots unavailable)
Stlth    +++.......             r - amulet of guardian spirit
HPRegen  1.30/turn              B - ring of fire
MPRegen  0.08/turn              (no ring)

@: paralysed, berserk cooldown, regenerating, slowed
A: large, unfitting armour, tough skin 1
a: Berserk, Trog's Hand, Brothers in Arms, Renounce Religion


You were on level 10 of the Dungeon.
You worshipped Trog.
Trog was extremely pleased with you.
You were very hungry.

You visited 1 branch of the dungeon, and saw 10 of its levels.
You also visited: Sewer.

You collected 576 gold pieces.
You spent 179 gold pieces at shops.

Inventory:

Hand Weapons
 a - a +0 mace
 o - a +0 whip of electrocution
 D - a +4 antimagic flail (weapon)
Armour
 b - a +0 animal skin (worn)
Magical Staves
 k - an uncursed staff of power
Jewellery
 r - an amulet of guardian spirit (around neck)
 B - a ring of fire (left hand)
Wands
 l - a wand of enslavement (13)
 v - a wand of flame (16)
 x - a wand of random effects (18)
 A - a wand of acid (9)
 C - a wand of iceblast (12)
Scrolls
 f - 6 scrolls of remove curse
 g - 4 scrolls of magic mapping
 h - a scroll of enchant armour
 j - 5 scrolls of fog
 m - 10 scrolls of teleportation
 n - 2 scrolls of blinking
 p - 2 scrolls of immolation
 y - a scroll of noise
 F - a scroll of amnesia {unknown}
Potions
 d - 10 potions of heal wounds
 e - a potion of invisibility {unknown}
 i - 6 potions of curing
 q - 2 potions of might {unknown}
 s - 2 potions of magic {unknown}
 t - 3 potions of degeneration {unknown}
 u - 5 potions of ambrosia {unknown}
 z - 2 potions of mutation
 E - 2 potions of agility
 G - 3 potions of resistance
Comestibles
 c - 23 rations


   Skills:
 + Level 12.5 Fighting
 + Level 11.7 Maces & Flails
 + Level 7.8 Dodging
 + Level 4.5 Stealth


You had 10 spell levels left.
You didn't know any spells.
Your spell library was empty.

Dungeon Overview and Level Annotations

Branches:
Dungeon (10/15)            Temple (0/1) D:5
   Lair: D:8-11         Orc: D:9-12

Altars:
Cheibriados
Dithmenos
Fedhas
Kikubaaqudgha
Okawaru
Sif Muna
Uskayaw
Wu Jian

Shops:
D:4 [!?**   D:7 =


Innate Abilities, Weirdness & Mutations

You are too large for most types of armour.
You have tough skin. (AC +1)


Message History

The yak gores you!
* * * LOW HITPOINT WARNING * * *
You barely miss the yak.
The yak is severely wounded.
The yak barely misses you.
You barely miss the yak.
The yak is severely wounded.
The yak gores you!
* * * LOW HITPOINT WARNING * * *
The yak misses you.
You are too berserk!
You feel a strong urge to attack something.
You are no longer berserk.
You pass out from exhaustion.
You feel yourself slow down. The yak gores you!
* * * LOW HITPOINT WARNING * * *
You feel the effects of Trog's Hand fading.
The yak gores you!!
You die...

........#............#
........#............#
........###...####'#########
+#........#####............#
.#...[....+...#............#
.#...>....#...#............#
.#........#...#............#
.#........#...#............#
.#........#...#.@..........#
.#........#...#Y...........#
.#........#.#†.Y...........#
.#......### ################
.#.)....# .#......#
.'......# .#......### ####
.#........###..#


You could see 2 yaks.

Vanquished Creatures
  Erica (D:10)
  2 two-headed ogres
  Nergalle (D:10)
  The ghost of varam the Conjurer, a novice OpWz (D:6)
  An efreet (D:9)
  A troll (D:9)
  A merfolk (D:10)
  A spriggan (D:9)
  Sigmund (D:2)
  A wyvern (D:8)
  18 yaks
  A human (D:10)
  A water moccasin (D:9)
  Duvessa (D:5)
  3 orc warriors (D:8)
  A phantom (D:7)
  3 sky beasts
  An eye of draining (D:9)
  3 ice beasts
  2 necrophages
  4 ogres
  2 centaurs (D:8)
  6 big kobolds
  A gnoll sergeant (D:9)
  8 bullfrogs
  Dowan (D:5)
  A water moccasin zombie (D:9)
  A scorpion (D:4)
  A water moccasin skeleton (D:9)
  3 killer bees (D:8)
  2 vampire bats (D:3)
  2 centaur zombies (D:8)
  4 crimson imps
  2 bullfrog zombies
  2 jellies
  6 orc priests
  5 hounds
  7 orc wizards
  Jessica (D:3)
  3 iguanas
  Terence (D:3)
  5 worker ants
  A hound zombie (D:10)
  2 hound skeletons
  A worker ant zombie (D:9)
  9 gnolls
  12 adders
  2 river rats (Sewer)
  3 shadow imps
  2 oozes
  An adder zombie (D:9)
  4 adder skeletons
  6 worms
  2 dart slugs
  4 leopard geckos
  29 orcs
  9 giant cockroaches
  6 goblins
  5 hobgoblins
  9 jackals
  7 quokkas
  7 ball pythons
  12 bats
  7 frilled lizards
  A jackal skeleton (D:9)
  16 kobolds
  3 quokka skeletons
  16 rats
289 creatures vanquished.

Vanquished Creatures (others)
  A hound (D:8)
1 creature vanquished.

Grand Total: 290 creatures vanquished

Notes
Turn   | Place    | Note
-------+----------+-------------------------------------------
     0 | D:1      | galech the Ogre Berserker began the quest for the Orb.
     0 | D:1      | Reached XP level 1. HP: 24/24 MP: 1/1
   129 | D:1      | Reached XP level 2. HP: 32/32 MP: 2/2
   418 | D:1      | Reached XP level 3. HP: 32/40 MP: 3/3
   645 | D:2      | Reached ** piety under Trog
  1007 | D:2      | Noticed Sigmund
  1019 | D:2      | Killed Sigmund
  1019 | D:2      | Reached skill level 5 in Fighting
  1019 | D:2      | Reached XP level 4. HP: 50/50 MP: 4/4
  1019 | D:2      | Reached XP level 5. HP: 57/57 MP: 5/5
  1450 | D:3      | Reached XP level 6. HP: 56/66 MP: 6/6
  1469 | D:3      | Noticed Jessica
  1740 | D:3      | Killed Jessica
  1809 | D:3      | Reached skill level 5 in Maces & Flails
  1809 | D:3      | Reached skill level 1 in Stealth
  1848 | D:3      | Found an ornate altar of the Wu Jian Council.
  1874 | D:3      | Noticed Terence
  1883 | D:3      | Killed Terence
  1932 | D:3      | Reached XP level 7. HP: 66/74 MP: 7/7
  2029 | D:3      | Reached skill level 6 in Fighting
  2151 | D:3      | Reached *** piety under Trog
  2394 | D:4      | Found Miorar's Distillery.
  2414 | D:4      | Found Sifude's General Store.
  2418 | D:4      | Bought a potion of heal wounds for 55 gold pieces
  2418 | D:4      | Bought a potion of curing for 33 gold pieces
  2418 | D:4      | Bought a potion of heal wounds for 55 gold pieces
  2441 | D:4      | Found a snail-covered altar of Cheibriados.
  2441 | D:4      | Found Xistro De Add's General Store.
  2572 | D:4      | Found Uxtigedo's Antique Armour Emporium.
  2693 | D:4      | Found Kowolene's Magic Scroll Emporium.
  2907 | D:4      | Bought a scroll of teleportation for 36 gold pieces
  2998 | D:5      | Entered Level 5 of the Dungeon
  3043 | D:5      | Found a glowing drain.
  3207 | Sewer    | Entered a sewer
  3448 | Sewer    | Reached **** piety under Trog
  3448 | Sewer    | Reached XP level 8. HP: 59/84 MP: 8/8
  3717 | Sewer    | Reached skill level 7 in Fighting
  4066 | D:5      | Noticed Duvessa
  4070 | D:5      | Noticed Dowan
  4077 | D:5      | Killed Duvessa
  4077 | D:5      | Reached skill level 5 in Dodging
  4081 | D:5      | Killed Dowan
  4214 | D:5      | Found a staircase to the Ecumenical Temple.
  4386 | D:5      | Reached skill level 8 in Fighting
  4386 | D:5      | Reached XP level 9. HP: 69/96 MP: 9/9
  5096 | D:6      | Found an ancient bone altar of Kikubaaqudgha.
  5406 | D:6      | Found a large runed door.
  5406 | D:6      | Found a large runed door.
  5407 | D:6      | Noticed varam's ghost (novice OpWz)
  5738 | D:7      | Found a blossoming altar of Fedhas.
  6084 | D:7      | Found an iron altar of Okawaru.
  6091 | D:7      | Received a gift from Trog
  6323 | D:7      | Found Pethoiw's Jewellery Shop.
  6427 | D:8      | Reached skill level 9 in Fighting
  7195 | D:8      | Reached XP level 10. HP: 107/107 MP: 10/10
  7224 | D:8      | Noticed a two-headed ogre
  7368 | D:8      | Killed a two-headed ogre
  7368 | D:8      | Reached skill level 10 in Fighting
  7418 | D:8      | Found a deep blue altar of Sif Muna.
  7479 | D:8      | Received a gift from Trog
  7740 | D:8      | Reached ***** piety under Trog
  7740 | D:8      | Reached skill level 10 in Maces & Flails
  8756 | D:9      | Noticed a hand axe
  8758 | D:9      | Noticed a dagger
  8962 | D:9      | Reached skill level 11 in Fighting
  8963 | D:9      | Noticed a two-headed ogre
  8988 | D:9      | Killed a two-headed ogre
  8988 | D:9      | Reached XP level 11. HP: 108/120 MP: 9/11
  9178 | D:9      | Found a hide-covered altar of Uskayaw.
  9336 | D:9      | Found a shadowy altar of Dithmenos.
  9344 | D:9      | Received a gift from Trog
  9724 | D:6      | Killed varam's ghost
  9789 | D:10     | Entered Level 10 of the Dungeon
 10077 | D:10     | Reached skill level 12 in Fighting
 10497 | D:10     | Noticed Nergalle
 10507 | D:10     | Killed Nergalle
 10569 | D:10     | Noticed Erica
 10583 | D:10     | Killed Erica
 10865 | D:10     | Mangled by a yak

Vault maps used:
D:1:      ncdulo_smallfort
D:2:      first_ration, uniq_sigmund
D:3:      lemuel_round_altar, roderic_batcave, uniq_terence, uniq_jessica
D:4:      kennysheep_slug_shrine, serial_shops, shop_statue,
          nicolae_shop_temple_entry_statues_fountains, kennysheep_mini_moat,
          shop, shop
D:5:      minmay_temple_entry_grid, cheibrodos_sewer_entry_drain, uniq_duvessa
D:6:      kiku_gazebo_pond_becter, ebering_ghost_disaster_area
D:7:      old_standard_altar, serial_shops, kennysheep_mini, basic_altar
D:8:      basic_altar
D:9:      dancing_weapons_uskayaw, marbit_many_paths
D:10:     hangedman_stone_soup, uniq_harold, uniq_nergalle, uniq_erica
Sewer:    sewer_co_tree

Skill      XL: |  1  2  3  4  5  6  7  8  9 10 11 |
---------------+----------------------------------+-----
Maces & Flails | 3 4 5 6 7 9 10 11 | 11.7
Dodging        | 3 4 5 7 |  7.8
Fighting       | 5 6 8 9 11 12 | 12.5
Stealth        | 1 2 3 4 |  4.5

Action                   |  1- 3 |  4- 6 |  7- 9 | 10-12 || total
-------------------------+-------+-------+-------+-------++-------
Melee: Mace              |    63 |    34 |       |       ||    97
       Staff             |     9 |       |       |       ||     9
       Whip              |       |    35 |   527 |   259 ||   821
       Flail             |       |       |       |   136 ||   136
Invok: Berserk           |     1 |     2 |     5 |    15 ||    23
       Trog's Hand       |     1 |     1 |       |     3 ||     5
  Use: Scroll            |       |       |     5 |     5 ||    10
 Stab: Sleeping          |     1 |     2 |     4 |     5 ||    12
  Eat: Chunk             |       |     7 |    22 |    21 ||    50
       Ration            |       |       |       |     1 ||     1
Armor: Animal skin       |    18 |    14 |    79 |    39 ||   150
Dodge: Dodged            |    43 |    31 |   209 |   177 ||   460

Table legend:
 A = Spawn XP
 B = Non-spawn XP
 C = Spawn XP percentage of total XP
 D = Spawn monster count
 E = Non-spawn monster count
 F = Spawn count percentage of total count
 G = Total turns spent on level
                    A         B        C        D         E        F      G
               +---------+---------+-------+---------+---------+-------+---------
         Total |       0 |   16590 |   0.0 |       0 |     289 |   0.0 | 10865
               +---------+---------+-------+---------+---------+-------+---------
           D:1 |       0 |      36 |   0.0 |       0 |      19 |   0.0 |   579
           D:2 |       0 |     247 |   0.0 |       0 |      16 |   0.0 |  1106
           D:3 |       0 |     465 |   0.0 |       0 |      39 |   0.0 |   709
           D:4 |       0 |     208 |   0.0 |       0 |      16 |   0.0 |   604
           D:5 |       0 |     891 |   0.0 |       0 |      35 |   0.0 |  1134
           D:6 |       0 |     880 |   0.0 |       0 |       8 |   0.0 |   900
           D:7 |       0 |    1095 |   0.0 |       0 |      29 |   0.0 |   840
           D:8 |       0 |    3109 |   0.0 |       0 |      42 |   0.0 |  1779
           D:9 |       0 |    4116 |   0.0 |       0 |      35 |   0.0 |  1591
          D:10 |       0 |    4950 |   0.0 |       0 |      22 |   0.0 |   919
         Sewer |       0 |     593 |   0.0 |       0 |      28 |   0.0 |   704
               +---------+---------+-------+---------+---------+-------+---------
